TOP OF THE 1ST |
Chester Pirates batting - Pitching for Winnipeg Goldeyes : LHP Ricky Lopez
|
Pitching: LHP Ricky Lopez
|
|
Batting: RHB Hidesuke Yoshida
|
0-0: Foul Ball, location: 2F 0-1: Foul Ball, location: 2F 0-2: Strikes out looking
|
Batting: RHB Ricky Alvarado
|
0-0: Ball 1-0: Foul Ball, location: 2F 1-1: Called Strike 1-2: Ball 2-2: Ball 3-2: Base on Balls
|
Batting: RHB Erik Mulligan
|
0-0: Ball 1-0: Ball 2-0: Called Strike 2-1: Ball 3-1: Base on Balls Ricky Alvarado to second
|
Batting: RHB Rafael Galicia
|
0-0: Ball 1-0: Ball 2-0: Ball 3-0: Base on Balls Ricky Alvarado to third Erik Mulligan to second
|
Batting: LHB Kazuyoshi Ikeda
|
0-0: Ball 1-0: Swinging Strike 1-1: Foul Ball, location: 2F 1-2: Ball 2-2: Ball 3-2: Base on Balls Ricky Alvarado scores Erik Mulligan to third Rafael Galicia to second
|
Batting: RHB Matt Derrien
|
0-0: Ball 1-0: Called Strike 1-1: Called Strike 1-2: Ball 2-2: Strikes out swinging
|
Batting: RHB Francisco Santos
|
0-0: Ball 1-0: Called Strike 1-1: Foul Ball, location: 2F 1-2: Strikes out looking
|
Top of the 1st over - 1 run, 0 hits, 0 errors, 3 left on base; Chester 1 - Winnipeg 0 |
BOTTOM OF THE 1ST |
Winnipeg Goldeyes batting - Pitching for Chester Pirates : RHP Andres Guillen
|
Pitching: RHP Andres Guillen
|
|
Batting: RHB Mike Berzins
|
0-0: Foul Ball, location: 2F 0-1: Ball 1-1: Ball 2-1: Called Strike 2-2: Fly out, F8 (Flyball, 89D, EV 88.1 MPH)
|
Batting: LHB Ben Roth
|
0-0: Called Strike 0-1: Swinging Strike 0-2: Ball 1-2: Ball 2-2: Foul Ball, location: 2F 2-2: Ground out 4-3 (Groundball, 4, EV 86.2 MPH)
|
Batting: SHB Rodrigo Mendoza
|
0-0: Ball 1-0: Ball 2-0: Ball 3-0: Called Strike 3-1: Fly out, F4 (Line Drive, 4, EV 71.9 MPH)
|
Bottom of the 1st over - 0 runs, 0 hits, 0 errors, 0 left on base; Chester 1 - Winnipeg 0 |
TOP OF THE 2ND |
Chester Pirates batting - Pitching for Winnipeg Goldeyes : LHP Ricky Lopez
|
Batting: SHB Jiong Qi
|
0-0: Ball 1-0: Ground out 5-3 (Groundball, 56S, EV 73.1 MPH)
|
Batting: RHB Ryan Thurston
|
0-0: Ball 1-0: Called Strike 1-1: Ball 2-1: Foul Ball, location: 2F 2-2: Strikes out swinging
|
Batting: RHB Hidesuke Yoshida
|
0-0: Ball 1-0: Ball 2-0: Called Strike 2-1: Ball 3-1: Called Strike 3-2: Foul Ball, location: 2F 3-2: Strikes out swinging
|
Top of the 2nd over - 0 runs, 0 hits, 0 errors, 0 left on base; Chester 1 - Winnipeg 0 |
BOTTOM OF THE 2ND |
Winnipeg Goldeyes batting - Pitching for Chester Pirates : RHP Andres Guillen
|
Batting: RHB Terry Oetker
|
0-0: Ball 1-0: Foul Ball, location: 2F 1-1: Swinging Strike 1-2: Ball 2-2: Foul Ball, location: 2F 2-2: Foul Ball, location: 2F 2-2: Ball 3-2: Strikes out swinging
|
Batting: RHB Ratko Macura
|
0-0: Ball 1-0: Called Strike 1-1: Called Strike 1-2: Ground out 6-3 (Groundball, 6, EV 101.9 MPH)
|
Batting: RHB Yu-zeng Mai
|
0-0: Ball 1-0: Hit by Pitch
|
Batting: SHB Ed Mosqueda
|
0-0: Called Strike 0-1: Ball 1-1: Ball 2-1: Ball 3-1: Base on Balls Yu-zeng Mai to second
|
Batting: RHB Settan Nakamura
|
0-0: Ball 1-0: Foul Ball, location: 2F 1-1: Ball 2-1: Swinging Strike 2-2: Ball 3-2: Strikes out swinging
|
Bottom of the 2nd over - 0 runs, 0 hits, 0 errors, 2 left on base; Chester 1 - Winnipeg 0 |
TOP OF THE 3RD |
Chester Pirates batting - Pitching for Winnipeg Goldeyes : LHP Ricky Lopez
|
Batting: RHB Ricky Alvarado
|
0-0: Called Strike 0-1: Foul Ball, location: 2F 0-2: Ball 1-2: Ball 2-2: Ball 3-2: Foul Ball, location: 2F 3-2: Ground out U3 (Groundball, 34, EV 84.4 MPH)
|
Batting: RHB Erik Mulligan
|
0-0: Ball 1-0: Ball 2-0: Called Strike 2-1: Foul Ball, location: 2F 2-2: Strikes out swinging
|
Batting: RHB Rafael Galicia
|
0-0: Fly out, F4 (Popup, 3S, EV 76.9 MPH)
|
Top of the 3rd over - 0 runs, 0 hits, 0 errors, 0 left on base; Chester 1 - Winnipeg 0 |
BOTTOM OF THE 3RD |
Winnipeg Goldeyes batting - Pitching for Chester Pirates : RHP Andres Guillen
|
Batting: RHB Fernando Membreno
|
0-0: Called Strike 0-1: Called Strike 0-2: Ball 1-2: Ball 2-2: Strikes out swinging
|
Batting: RHB Mike Berzins
|
0-0: Ball 1-0: Foul Ball, location: 2F 1-1: Swinging Strike 1-2: Strikes out swinging
|
Batting: LHB Ben Roth
|
0-0: Called Strike 0-1: Called Strike 0-2: Ball 1-2: Fly out, F9 (Line Drive, 9S, EV 93.1 MPH)
|
Bottom of the 3rd over - 0 runs, 0 hits, 0 errors, 0 left on base; Chester 1 - Winnipeg 0 |
TOP OF THE 4TH |
Chester Pirates batting - Pitching for Winnipeg Goldeyes : LHP Ricky Lopez
|
Batting: LHB Kazuyoshi Ikeda
|
0-0: Ball 1-0: Fly out, F9 (Flyball, 9S, EV 86.9 MPH)
|
Batting: RHB Matt Derrien
|
0-0: Foul Ball, location: 2F 0-1: Swinging Strike 0-2: Foul Ball, location: 2F 0-2: Foul Ball, location: 2F 0-2: Strikes out swinging
|
Batting: RHB Francisco Santos
|
0-0: Ball 1-0: Ball 2-0: Ball 3-0: Base on Balls
|
Batting: SHB Jiong Qi
|
0-0: Foul Ball, location: 2F 0-1: Foul Ball, location: 2F 0-2: Foul Ball, location: 2F 0-2: Foul Ball, location: 2F 0-2: Strikes out swinging
|
Top of the 4th over - 0 runs, 0 hits, 0 errors, 1 left on base; Chester 1 - Winnipeg 0 |
BOTTOM OF THE 4TH |
Winnipeg Goldeyes batting - Pitching for Chester Pirates : RHP Andres Guillen
|
Batting: SHB Rodrigo Mendoza
|
0-0: Ball 1-0: Called Strike 1-1: Foul Ball, location: 2F 1-2: Ball 2-2: Ball 3-2: Foul Ball, location: 2F 3-2: Base on Balls
|
Batting: RHB Terry Oetker
|
0-0: Foul Ball, location: 2F 0-1: Fly out, F9 (Flyball, 89S, EV 91.2 MPH)
|
Batting: RHB Ratko Macura
|
0-0: Ball 1-0: Foul Ball, location: 2F 1-1: Foul Ball, location: 2F 1-2: Ball 2-2: Foul Ball, location: 2F 2-2: SINGLE (Line Drive, 34D, EV 100.0 MPH) Rodrigo Mendoza to second Runner from 2nd tries for 3rd, SAFE, throw by RF made to third
|
Batting: RHB Yu-zeng Mai
|
0-0: Called Strike 0-1: Fly out, F7 (Flyball, 7S, EV 82.5 MPH) Runner from 3rd tags up, SCORES, throw by LF
|
Batting: SHB Ed Mosqueda
|
0-0: Called Strike 0-1: 2-RUN HOME RUN (Flyball, 9D, EV 98.8 MPH), Distance : 378 ft
|
Batting: RHB Settan Nakamura
|
0-0: Ball 1-0: Called Strike 1-1: Swinging Strike 1-2: Ball 2-2: Ball 3-2: Foul Ball, location: 2F 3-2: SINGLE (Groundball, 6MD, EV 97.5 MPH)
|
Pitching: RHP Justin Todorovich
|
|
Batting: RHB Fernando Membreno
|
0-0: Called Strike 0-1: Ground out 5-3 (Groundball, 5S, EV 92.5 MPH)
|
Bottom of the 4th over - 3 runs, 3 hits, 0 errors, 1 left on base; Chester 1 - Winnipeg 3 |
TOP OF THE 5TH |
Chester Pirates batting - Pitching for Winnipeg Goldeyes : LHP Ricky Lopez
|
Batting: RHB Ryan Thurston
|
0-0: Called Strike 0-1: Called Strike 0-2: Strikes out swinging
|
Batting: RHB Hidesuke Yoshida
|
0-0: Called Strike 0-1: Swinging Strike 0-2: Foul Ball, location: 2F 0-2: Ball 1-2: Ball 2-2: Strikes out swinging
|
Batting: RHB Ricky Alvarado
|
0-0: Ball 1-0: Ball 2-0: Called Strike 2-1: Ball 3-1: Called Strike 3-2: Base on Balls
|
Pitching: RHP Chi-young Chuko
|
|
Batting: RHB Erik Mulligan
|
0-0: Foul Ball, location: 2F 0-1: Ball 1-1: Called Strike 1-2: TRIPLE (Line Drive, 78XD, EV 105.0 MPH) Ricky Alvarado scores
|
Batting: RHB Rafael Galicia
|
0-0: Ground out 6-3 (Groundball, 56, EV 105.6 MPH)
|
Top of the 5th over - 1 run, 1 hit, 0 errors, 1 left on base; Chester 2 - Winnipeg 3 |
BOTTOM OF THE 5TH |
Winnipeg Goldeyes batting - Pitching for Chester Pirates : RHP Justin Todorovich
|
Batting: RHB Mike Berzins
|
0-0: Ball 1-0: Foul Ball, location: 2F 1-1: Called Strike 1-2: Strikes out swinging
|
Batting: LHB Ben Roth
|
0-0: Foul Ball, location: 2F 0-1: Called Strike 0-2: Strikes out swinging
|
Batting: SHB Rodrigo Mendoza
|
0-0: Ball 1-0: Ball 2-0: Foul Ball, location: 2F 2-1: Ball 3-1: Foul Ball, location: 2F 3-2: SINGLE (Line Drive, 8LS, EV 91.2 MPH)
|
Batting: RHB Terry Oetker
|
0-0: DOUBLE (Line Drive, 89XD, EV 105.0 MPH) Rodrigo Mendoza to third Runner from 3rd tries for Home, throw by RF and OUT! 9-4-2
|
Bottom of the 5th over - 0 runs, 2 hits, 0 errors, 1 left on base; Chester 2 - Winnipeg 3 |
TOP OF THE 6TH |
Chester Pirates batting - Pitching for Winnipeg Goldeyes : RHP Chi-young Chuko
|
Batting: LHB Kazuyoshi Ikeda
|
0-0: Ball 1-0: Called Strike 1-1: Fly out, F8 (Flyball, 8RXD, EV 99.4 MPH)
|
Batting: RHB Matt Derrien
|
0-0: Called Strike 0-1: Ball 1-1: Swinging Strike 1-2: Ball 2-2: Ground out 6-3 (Groundball, 6, EV 91.2 MPH)
|
Pinch Hitting: RHB Ryan LeSueur
|
0-0: Ball 1-0: Called Strike 1-1: Foul Ball, location: 2F 1-2: Ball 2-2: Strikes out looking
|
Top of the 6th over - 0 runs, 0 hits, 0 errors, 0 left on base; Chester 2 - Winnipeg 3 |
BOTTOM OF THE 6TH |
Winnipeg Goldeyes batting - Pitching for Chester Pirates : RHP Justin Todorovich
|
Now in CF: Ryan LeSueur
|
|
Now in RF: Hidesuke Yoshida
|
|
Batting: RHB Ratko Macura
|
0-0: Swinging Strike 0-1: Called Strike 0-2: Strikes out looking
|
Batting: RHB Yu-zeng Mai
|
0-0: Ball 1-0: Fly out, F8 (Line Drive, 89M, EV 105.6 MPH)
|
Batting: SHB Ed Mosqueda
|
0-0: Ball 1-0: Swinging Strike 1-1: Ball 2-1: Ground out 4-3 (Groundball, 4, EV 88.8 MPH)
|
Bottom of the 6th over - 0 runs, 0 hits, 0 errors, 0 left on base; Chester 2 - Winnipeg 3 |
TOP OF THE 7TH |
Chester Pirates batting - Pitching for Winnipeg Goldeyes : RHP Chi-young Chuko
|
Pinch Hitting: LHB Damien Cohen
|
0-0: Ball 1-0: Ball 2-0: Swinging Strike 2-1: Called Strike 2-2: Strikes out swinging
|
Pinch Hitting: SHB Thad Shearing
|
0-0: Ball 1-0: Foul Ball, location: 2F 1-1: Swinging Strike 1-2: Strikes out swinging
|
Batting: RHB Hidesuke Yoshida
|
0-0: Called Strike 0-1: Swinging Strike 0-2: Ball 1-2: Foul Ball, location: 2F 1-2: Ball 2-2: Strikes out looking
|
Top of the 7th over - 0 runs, 0 hits, 0 errors, 0 left on base; Chester 2 - Winnipeg 3 |
BOTTOM OF THE 7TH |
Winnipeg Goldeyes batting - Pitching for Chester Pirates : RHP Justin Todorovich
|
Now at 1B: Damien Cohen
|
|
Now at 2B: Erik Mulligan
|
|
Now at 3B: Thad Shearing
|
|
Now at SS: Ricky Alvarado
|
|
Batting: RHB Settan Nakamura
|
0-0: Fly out, F8 (Flyball, 8LM, EV 96.9 MPH)
|
Batting: RHB Fernando Membreno
|
0-0: Ball 1-0: Ball 2-0: Ball 3-0: Base on Balls
|
Batting: RHB Mike Berzins
|
0-0: Called Strike 0-1: Ball 1-1: Fly out, F9 (Flyball, 89M, EV 93.1 MPH)
|
Batting: LHB Ben Roth
|
0-0: Called Strike 0-1: Ball 1-1: Swinging Strike 1-2: Strikes out swinging
|
Bottom of the 7th over - 0 runs, 0 hits, 0 errors, 1 left on base; Chester 2 - Winnipeg 3 |
TOP OF THE 8TH |
Chester Pirates batting - Pitching for Winnipeg Goldeyes : RHP Chi-young Chuko
|
Batting: RHB Ricky Alvarado
|
0-0: Called Strike 0-1: Ball 1-1: Swinging Strike 1-2: SINGLE (Line Drive, 78S, EV 96.2 MPH)
|
Pitching: RHP Matt Parsons
|
|
Batting: RHB Erik Mulligan
|
0-0: Ball 1-0: Ball 2-0: Called Strike 2-1: Ball 3-1: Grounds into double play, 6-4-3 (Groundball, 56D, EV 104.4 MPH)
|
Batting: RHB Jason Rhodes
|
0-0: Called Strike 0-1: Fly out, F7 (Line Drive, 7, EV 93.1 MPH)
|
Top of the 8th over - 0 runs, 1 hit, 0 errors, 0 left on base; Chester 2 - Winnipeg 3 |
BOTTOM OF THE 8TH |
Winnipeg Goldeyes batting - Pitching for Chester Pirates : RHP Justin Todorovich
|
Batting: SHB Rodrigo Mendoza
|
0-0: Ball 1-0: Ball 2-0: Foul Ball, location: 2F 2-1: Swinging Strike 2-2: Fly out, F8 (Flyball, 78M, EV 88.1 MPH)
|
Batting: RHB Terry Oetker
|
0-0: Fly out, F8 (Flyball, 8LD, EV 95.6 MPH)
|
Batting: RHB Ratko Macura
|
0-0: Called Strike 0-1: Ball 1-1: Ground out 6-3 (Groundball, 6, EV 85.0 MPH)
|
Bottom of the 8th over - 0 runs, 0 hits, 0 errors, 0 left on base; Chester 2 - Winnipeg 3 |
TOP OF THE 9TH |
Chester Pirates batting - Pitching for Winnipeg Goldeyes : RHP Matt Parsons
|
Pitching: LHP Travis Joyal
|
|
Batting: LHB Kazuyoshi Ikeda
|
0-0: Called Strike 0-1: Called Strike 0-2: Strikes out swinging
|
Batting: RHB Matt Derrien
|
0-0: Ball 1-0: Ball 2-0: Called Strike 2-1: Foul Ball, location: 2F 2-2: Foul Ball, location: 2F 2-2: Foul Ball, location: 2F 2-2: Ball 3-2: Foul Ball, location: 2F 3-2: Foul Ball, location: 2F 3-2: SINGLE (Groundball, 6MD, EV 103.1 MPH)
|
Batting: RHB Ryan LeSueur
|
0-0: Called Strike 0-1: Ball 1-1: Called Strike 1-2: Strikes out swinging
|
Pinch Hitting: LHB Dave Cook
|
0-0: Swinging Strike 0-1: Swinging Strike 0-2: Ball 1-2: Foul Ball, location: 2F 1-2: Ball 2-2: Foul Ball, location: 2F 2-2: Foul Ball, location: 2F 2-2: Foul Ball, location: 2F 2-2: Foul Ball, location: 2F 2-2: Ball 3-2: Strikes out swinging
|
Top of the 9th over - 0 runs, 1 hit, 0 errors, 1 left on base; Chester 2 - Winnipeg 3 |
|